AoeStats
← Ugomez

Nomad

510381538Analyzed
3v3 RM · 1d ago on Sep 30, 2026· 68m 6s· 6 players
Game mode
Random Map
Map size
210×210
Population
200
Speed
Normal
Resources
Standard
Victory
Conquest
Starting age
Dark Age
Ending age
Imperial Age
RankedLock teamsTeams togetherTeam positionsShared explorationLock speedFull tech treeHidden civsTurbo modeCheats
Victory
Defeat
🇦🇷 Italians · Argentina
814
+15
🇪🇸 Spanish · Spain
757
+17
🇪🇸 Bohemians · Spain
741
+42
🇨🇱 Bohemians · Chile
798
-17
🇫🇷 Teutons · France
796
-17
🇹🇷 Byzantines · Türkiye
771
-16
Börü 𐰋𐰇𐰼𐰇
5:29 Loom
15:24 Feudal Age
16:46 Wheelbarrow
17:53 Fishing Lines
19:46 Scale Barding Armor
22:26 Castle Age
23:23 Husbandry
24:58 Forging
24:45 Gold Mining
24:51 Horse Collar
29:36 Chain Barding Armor
29:53 Iron Casting
32:10 Double-Bit Axe
33:01 Fortified Wall
32:32 Treadmill Crane
32:48 Murder Holes
33:33 Stone Mining
35:44 Gold Shaft Mining
36:45 Gillnets
38:28 Medium Warships
42:18 Imperial Age
40:18 Bow Saw
42:25 Elite Cataphract
43:17 Logistica
43:28 Conscription
44:00 Stone Shaft Mining
44:19 Hand Cart
45:17 Chemistry
47:58 Ballistics
49:20 Plate Barding Armor
48:45 Scale Mail Armor
49:02 Onager
54:04 Onager
55:48 Elite Varangian Guard
59:24 Chain Mail Armor
vincent.barre29
5:21 Loom
18:15 Feudal Age
18:47 Double-Bit Axe
18:25 Man-at-Arms
22:06 Forging
29:50 Castle Age
33:08 Fletching
46:09 Imperial Age
43:34 Gold Mining
43:56 Bow Saw
46:16 Horse Collar
47:19 Heavy Plow
49:49 Two-Man Saw
50:18 Crop Rotation
53:56 Wheelbarrow
53:07 Town Watch
54:31 Elite Teutonic Knight
57:56 Iron Casting
61:23 Scale Mail Armor
62:24 Blast Furnace
66:00 Heavy Scorpion
^1i^3carito^1.
Lima3
14:12 Feudal Age
16:25 Man-at-Arms
19:51 Wheelbarrow
21:04 Scale Mail Armor
21:52 Double-Bit Axe
22:49 Gold Mining
23:14 Forging
25:01 Horse Collar
30:39 Castle Age
31:50 Chain Mail Armor
32:12 Iron Casting
32:32 Light Cavalry
36:42 Stone Mining
40:34 Sanctity
41:38 Hand Cart
46:06 Imperial Age
47:15 Imperial Age
46:13 Bow Saw
46:11 Heavy Plow
50:28 Stone Shaft Mining
51:03 Chemistry
50:18 Thumb Ring
50:22 Padded Archer Armor
50:13 Fletching
51:24 Blast Furnace
50:54 Plate Mail Armor
50:30 Scale Barding Armor
50:30 Husbandry
53:58 Pikeman
54:39 Squires
61:10 Supremacy
61:11 Elite Conquistador
65:07 Loom
Ugomez
14:00 Feudal Age
21:52 Castle Age
36:36 Double-Bit Axe
38:02 Horse Collar
38:59 Wheelbarrow
40:14 Hand Cart
44:41 Imperial Age
43:16 Man-at-Arms
44:03 Scale Mail Armor
44:14 Forging
45:24 Heavy Plow
45:41 Bow Saw
45:11 Long Swordsman
46:08 Chain Mail Armor
46:29 Iron Casting
45:23 Elite Hussite Wagon
47:31 Plate Mail Armor
47:00 Pikeman
47:00 Two-Handed Swordsman
48:11 Champion
48:11 Halberdier
49:22 Squires
49:07 Arson
51:43 Blast Furnace
晚霞与她
13:19 Feudal Age
11:35 Loom
15:33 Double-Bit Axe
15:35 Fishing Lines
18:36 Stone Mining
21:19 Castle Age
19:17 Gold Mining
19:39 Fletching
21:20 Padded Archer Armor
23:16 Bow Saw
24:28 Horse Collar
25:56 Bodkin Arrow
26:56 Leather Archer Armor
31:50 Gillnets
32:50 Heavy Plow
39:58 Imperial Age
37:16 Town Watch
38:08 Wheelbarrow
38:22 Stone Shaft Mining
38:43 Town Patrol
40:10 Hand Cart
42:01 Bracer
42:32 Ring Archer Armor
43:09 Scale Barding Armor
43:15 Forging
44:04 Crop Rotation
44:37 Two-Man Saw
46:14 Chain Barding Armor
46:29 Iron Casting
46:55 Husbandry
47:06 Bloodlines
46:19 Cavalier
47:29 Ballistics
46:50 Treadmill Crane
47:06 Murder Holes
48:20 Plate Barding Armor
50:41 Blast Furnace
50:18 Guilds
50:44 Conscription
52:23 Chemistry
51:35 Masonry
51:20 Elite Genoese Crossbowman
61:31 Scale Mail Armor
Connection lost

Rejoining the realm…

Still unreachable

The connection could not be restored.

Session expired

The server has moved on; the page needs a fresh start.